Map: Orbital Shipyard

Players

TuuSAmo

  • Race: Zerg Zerg
  • League: Bronze

Ironpig - Winner!

  • Race: Terran Terran
  • League: Gold

VOD

Have the link to the VOD?

Description

Time

  • Played on: Nov. 23, 2015, 7:26 p.m.
  • Length: 1:57
Show
View Real Time Build Order
Export as new Build Order

TuuSAmo Zerg 

Build Orders: Pool First 

Get SALT Encoding   

  12  0:01  Drone  
  13  0:09  Drone  
  14  0:17  Overlord  
  14  0:35  Drone  
  14  0:36  Drone x2  
  17  0:46  Spawning Pool  
  17  0:48  Drone  
  17  1:10  Hatchery  
  17  1:18  Drone x2  
  17  1:19  Extractor  
Show
View Real Time Build Order
Export as new Build Order

Ironpig Terran - Winner!

Build Orders: Command Center First (CC) 

Get SALT Encoding   

  12  0:01  SCV  
  13  0:13  SCV  
  14  0:22  Supply Depot  
  14  0:25  SCV  
  15  0:44  SCV  
  16  0:56  SCV  
  17  1:04  Command Center  
  17  1:08  SCV  
  18  1:20  SCV  
  18  1:21  Barracks  
  19  1:35  Barracks  
  19  1:36  SCV  
Tags
 
Add a new tag
Caveats
  • Supply blocks, unpowered buildings, or Contaminate may cause inaccurate times.
  • Supply counts are checked every 10 seconds.